 Dungeon Crawl Stone Soup version 0.32-a0-411-g744942f433 (webtiles) character file.

Game seed: 12519922664452602974

16 CougarLife the Digger (level 2, 0/15 HPs)
             Began as a Gargoyle Earth Elementalist on Feb 21, 2024.
             Slain by a kobold
             ... wielding a +0 whip
              (5 damage)
             ... on level 1 of the Dungeon.
             The game lasted 00:00:13 (309 turns).

CougarLife the Digger (Gargoyle Earth Elementalist)  Turns: 309, Time: 00:00:14

Health: 0/15       AC:  4    Str: 11    XL:     2   Next: 58%
Magic:  1/5        EV: 11    Int: 15    God:
Gold:   0          SH:  0    Dex: 10    Spells: 4/5 levels left

rFire   . . .        g - +1 short sword (speed)
rCold   . . .        (no shield)
rNeg    + . .        a - +0 robe
rPois   ∞            (no helmet)
rElec   +            (no cloak)
rCorr   .            (no gloves)
SInv    .            (no boots)
Will    .....        (no amulet)
Stlth   ++           (no ring)
HPRegen 0.22/turn    (no ring)
MPRegen 0.09/turn

%: no passive effects
@: no status effects
A: sickness immunity, AC +2, negative energy resistance 1, electricity
resistance, torment resistance 1, petrification resistance
a: no special abilities


You were on level 1 of the Dungeon.
You visited 1 branch of the dungeon, and saw 1 of its levels.

Inventory:

Hand Weapons
 g - a +1 short sword of speed (weapon)
Armour
 a - a +0 robe (worn)
Scrolls
 f - a scroll of amnesia {unknown}
Potions
 b - a potion of magic
 c - 2 potions of brilliance {unknown}
 d - a potion of curing {unknown}
 e - a potion of attraction {unknown}


   Skills:
 - Level 1.5 Dodging
 - Level 2.1 Stealth
 + Level 2.3 Spellcasting
 + Level 1.8 Conjurations
 + Level 4.0 Earth Magic


You had 4 spell levels left.
You knew the following spells:

 Your Spells              Type           Power      Damage    Failure   Level
a - Sandblast             Erth           26%        2d8       4%          1

Your spell library contained the following spells:

 Spells                   Type           Power      Damage    Failure   Level
 Passwall                 Erth           13%        N/A       12%         3
 Stone Arrow              Conj/Erth      20%        3d8       19%         3
 Brom's Barrelling Bould  Conj/Erth      10%        2d3       54%         4
 Petrify                  Alch/Erth      7%         N/A       67%         4


Dungeon Overview and Level Annotations

Branches:
Dungeon (1/15)

Altars:


Innate Abilities, Weirdness & Mutations

You are immune to sickness and miasma.
Your stone body is resilient. (AC +2)
You are immune to poison.
You resist negative energy. (rN+)
You are resistant to electric shocks. (rElec)
You are resistant to unholy torment.
You are immune to petrification.


Message History

The kobold closely misses you.
A kobold is nearby!
You barely miss the kobold.
The kobold is moderately wounded.
The kobold hits you with a +0 whip.
You are out of magic!
A kobold is nearby!
You closely miss the kobold. You punch the kobold, but do no damage.
The kobold is moderately wounded.
The kobold hits you with a +0 whip.
You are out of magic!
A kobold is nearby!
You closely miss the kobold.
The kobold is moderately wounded.
The kobold hits you but does no damage.
You are out of magic!
A kobold is nearby!
You barely miss the kobold.
The kobold is moderately wounded.
The kobold hits you but does no damage.
You are out of magic!
A kobold is nearby!
You barely miss the kobold.
The kobold is moderately wounded.
The kobold barely misses you.
Unknown command.
You are out of magic!
You hit the kobold.
The kobold is heavily wounded.
The kobold hits you with a +0 whip. The kobold attacks as it pursues you!
The kobold hits you with a +0 whip.
There are no items here.
Things that are here:
a +1 short sword of speed; a kobold corpse
g - a +1 short sword of speed The kobold misses you.
Your hands tingle!
g - a +1 short sword of speed (weapon)
The kobold hits you with a +0 whip.
You die...

###.#####
#####...#
#.....###
##.#####
#..# #.##
##.#
#####..#
###...@.##
#....K...#
+........#
#....$...#
#........#
#........#
#........#
#........#
..########


You could see a kobold.

Vanquished Creatures
  A ball python (D:1)
  2 goblins (D:1)
  A hobgoblin (D:1)
  A quokka (D:1)
  A bat (D:1)
  4 kobolds (D:1)
10 creatures vanquished.

Notes
Turn   | Place    | Note
-------+----------+-------------------------------------------
     0 | D:1      | CougarLife the Gargoyle Earth Elementalist began the quest
                  | for the Orb.
     0 | D:1      | Reached XP level 1. HP: 10/10 MP: 3/3
   100 | D:1      | Reached XP level 2. HP: 15/15 MP: 3/5
   291 | D:1      | Reached skill level 4 in Earth Magic
   309 | D:1      | Slain by a kobold

Illustrated notes

Levels and vault maps discovered:
D:1:      ncdulo_smallfort, layout_basic, serial_shops, shop

Skill      XL: |  1  2 |
---------------+-------+-----
Earth Magic    | 4 |  4.0
Dodging        | |  1.5
Stealth        | |  2.1
Spellcasting   | |  2.3
Conjurations   | |  1.8

Action                     || total
---------------------------++-------
  Melee: Unarmed           ||     9
         Punch             ||     1
   Cast: Sandblast         ||    14
 Armour: Robe              ||    13
  Dodge: Dodged            ||     8

Table legend: (Time is in decaauts)
 A = Elapsed time spent in this place.
 B = Non-inter-level travel time spent in this place.
 C = Inter-level travel time spent in this place.
 D = Time resting spent in this place.
 E = Time spent auto-exploring this place.
 F = Levels seen in this place.
 G = Mean time per level.
                   A        B        C        D        E       F      G
               +--------+--------+--------+--------+--------+-----+--------+
         Total |    316 |    316 |      0 |      0 |    257 |   1 |  316.0 |
       Dungeon |    316 |    316 |      0 |      0 |    257 |   1 |  316.0 |
               +--------+--------+--------+--------+--------+-----+--------+

Top non-repeatable levels by time:
     D:1: 316 daAuts
